 Dungeon Crawl Stone Soup version 0.19.0-19-g8c6edcc (webtiles) character file.

165 Monkfish the Cutter (level 5, 0/33 HPs)
             Began as a Kobold Berserker on Nov 14, 2016.
             Was a Believer of Trog.
             Succumbed to an orc priest's poison
             ... on level 3 of the Dungeon.
             The game lasted 00:02:38 (1656 turns).

Monkfish the Cutter (Kobold Berserker)              Turns: 1656, Time: 00:02:39

Health: 0/33       AC:  2    Str: 16    XL:     5   Next: 75%
Magic:  5/5        EV: 16    Int:  8    God:    Trog [**....]
Gold:   100        SH:  0    Dex: 14    Spells: 0 memorised, 4 levels left

rFire  . . .     SeeInvis .     a - +1 short sword
rCold  . . .     Gourm    .     b - +0 animal skin
rNeg   . . .     Faith    .     (shield restricted)
rPois  .         Spirit   .     (no helmet)
rElec  .         Reflect  .     (no cloak)
rCorr  .         Harm     .     (no gloves)
MR     .....                    (no boots)
Stlth  ++........               (no amulet)
                                (no ring)
                                i - ring of flight

@: lethally poisoned (0 -> -25), exhausted, slowed, very slow
A: carnivore 3
a: Berserk, Trog's Hand, Burn Spellbooks, Renounce Religion, Evoke Flight


You were on level 3 of the Dungeon.
You worshipped Trog.
Trog was pleased with you.
You were not hungry.

You visited 1 branch of the dungeon, and saw 3 of its levels.

You collected 100 gold pieces.

Inventory:

Hand Weapons
 a - a +1 short sword (weapon)
Armour
 b - a +0 animal skin (worn)
Jewellery
 i - a ring of flight (left hand)
Wands
 h - a wand of flame (21/48)
Scrolls
 e - a scroll of identify
 f - 2 scrolls of remove curse
Potions
 d - 3 potions of heal wounds
 g - a potion of cure mutation {unknown}
Comestibles
 c - 3 meat rations


   Skills:
 + Level 4.0 Fighting
 + Level 5.9 Short Blades
 - Level 1.5 Armour
 + Level 3.5 Dodging
 * Level 3.2 Stealth


You had 4 spell levels left.
You didn't know any spells.

Dungeon Overview and Level Annotations

Branches:
Dungeon (3/15)

Altars:
Kikubaaqudgha


Innate Abilities, Weirdness & Mutations

You are small and have problems with some larger weapons.
You are carnivorous and can eat meat at any time.


Message History

You feel sick.
* * * LOW HITPOINT WARNING * * *
You feel sick.
You see here a dagger of venom.
You feel a strong urge to attack something.
* * * LOW HITPOINT WARNING * * *
You feel sick.
An orc comes into view. It is wielding a falchion.
You see here an enchanted whip.
* * * LOW HITPOINT WARNING * * *
You feel sick.
You see here 4 gold pieces.
You feel your anger subside.
You are no longer berserk.
You are exhausted.
You feel yourself slow down.
* * * LOW HITPOINT WARNING * * *
You feel sick.
* * * LOW HITPOINT WARNING * * *
You feel very sick.
You die...

#......... .. ...
..##.#.#......... .# #.#
...#.#.#.........
..#.#####..#.#.#.........
.#... ........#.#####..†
o..# #........#####...
#.. #............'...
#.######.......#####...
#))$..@.....[.># ####
........######.....###
#.#...... #.#####
##.##### #.# #. #.# # #.#
#.# #.# #.#


There were no monsters in sight!

Vanquished Creatures
  An orc priest (D:3)
  Natasha (twice) (D:2)
  3 adders (D:2)
  An ooze (D:1)
  A dart slug (D:1)
  2 orcs (D:3)
  8 bats
  8 giant cockroaches
  3 goblins
  5 hobgoblins
  4 jackals (D:1)
  A ball python (D:1)
  2 frilled lizards
  6 kobolds
  8 rats (D:1)
  A rat zombie (D:3)
56 creatures vanquished.

Notes
Turn   | Place    | Note
-------+----------+-------------------------------------------
     0 | D:1      | Monkfish the Kobold Berserker began the quest for the Orb.
     0 | D:1      | Reached XP level 1. HP: 14/14 MP: 1/1
     1 | D:1      | Found a runed door.
    35 | D:1      | Reached skill level 1 in Stealth
    78 | D:1      | Reached XP level 2. HP: 15/19 MP: 2/2
   316 | D:1      | Reached XP level 3. HP: 10/23 MP: 3/3
   580 | D:1      | Reached ** piety under Trog
   670 | D:2      | Reached XP level 4. HP: 22/29 MP: 4/4
   776 | D:2      | Reached skill level 5 in Short Blades
   950 | D:2      | Noticed Natasha
   967 | D:2      | Killed Natasha
  1111 | D:2      | Reached XP level 5. HP: 30/33 MP: 5/5
  1351 | D:2      | Noticed Natasha
  1359 | D:2      | Killed Natasha
  1547 | D:3      | Found an ancient bone altar of Kikubaaqudgha.
  1656 | D:3      | Succumbed to an orc priest's poison

Skill      XL: |  1  2  3  4  5 |
---------------+----------------+-----
Stealth        | 1 2 3 |  3.2
Short Blades   | 5 |  5.9
Dodging        | 3 |  3.5
Fighting       | 4 |  4.0
Armour         | |  1.5

Action                   |  1- 3 |  4- 6 || total
-------------------------+-------+-------++-------
Melee: Short sword       |   133 |    76 ||   209
Invok: Berserk           |     2 |     4 ||     6
       Trog's Hand       |       |     3 ||     3
  Use: Scroll            |     4 |     5 ||     9
       Potion            |     1 |     1 ||     2
 Stab: Sleeping          |       |     3 ||     3
  Eat: Chunk             |     9 |     1 ||    10
Armor: Animal skin       |    26 |     4 ||    30
Dodge: Dodged            |   127 |    54 ||   181
